[Event "TUR-ch U13-18 Open 2023"]
[Site "Antalya"]
[Date "2023.01.26"]
[Round "8"]
[White "Deveci, Huseyin Said"]
[Black "Gupluce, Melih"]
[Result "0-1"]
[ECO "B13"]
[WhiteElo "1987"]
[BlackElo "1309"]
[Annotator "TA"]
[PlyCount "68"]
[EventDate "2023.01.17"]
[EventType "swiss"]
[EventCountry "TUR"]
[SourceTitle "playchess.com"]
[Source "ChessBase"]
[SourceQuality "1"]
[TimeControl "5400+30"]

1. e4 c6 2. d4 d5 3. exd5 cxd5 4. Bd3 Nc6 5. c3 Nf6 6. Bf4 Bg4 7. Qb3 Qd7 8. Nd2 e6 9. Ngf3 a6 10. a4 Be7 11. O-O O-O 12. h3 {[%emt 0:00:30] B13: Caro-Kann: Exchange Variation and Panov-Botvinnik Attack.} Bh5 13. Ne5 Qc8 {[%emt 0:04:00] [#]} 14. Qc2 $146 {[%emt 0:00:30] White is slightly better.} ({Predecessor:} 14. Ndf3 Nxe5 15. Nxe5 Nd7 16. Qc2 Bg6 17. Nxg6 hxg6 18. Qb3 Qc6 19. Rfe1 Bd6 20. Bxd6 Qxd6 {½-½ Lopes Silva,L (1988)-Azevedo,E (2089) BRA-ch sf 78th 2011 (8.16)}) 14... Bg6 15. Nxg6 hxg6 16. Nf3 Qd8 17. Qe2 Rc8 18. b4 Nb8 (18... Bd6 $11 19. Ne5 a5) 19. Rac1 $16 Nbd7 20. a5 {[%emt 0:00:30] Wards off Nb6} Ne8 21. Rfe1 g5 {[%emt 0:05:30] [#]} (21... Rc6 $142) 22. Nxg5 $1 Bxg5 23. Qh5 $1 {[%emt 0:00:30][%csl Gd3][%cal Rh5h7][%mdl 64] Double Attack} Bh6 (23... g6 $16 {was necessary.} 24. Qxg5 Qxg5 25. Bxg5 Nc7) 24. Bxh6 $18 {[%emt 0:00:00] And now Bg5 would win.} gxh6 25. Qxh6 f5 26. Qxe6+ (26. Rxe6 Rf6 27. Qg5+ Ng7 $14) 26... Rf7 27. Qxd5 Qg5 $2 {[%emt 0:04:30] Black is weak on the light squares} (27... Rc6 28. Bxf5 Nc7) 28. h4 (28. Bc4 Nd6 $18) (28. Qxb7 $142 Nd6 29. Qd5) 28... Qg7 $2 (28... Qxh4 29. g3 (29. Qxb7 Nd6 $18) (29. Bxf5 Ng7 $16) 29... Qh6) 29. Re7 (29. Bxf5 Nc7 30. Qxb7 Rcf8 31. Qxc7 Rxf5 $18) 29... Ndf6 30. Qxb7 {[%emt 0:05:51][%cal Oe7f7] Rxf7! would be deadly.} Rxc3 31. Rxc3 {[%emt 0:04:29][%cal Od3c4] Bc4! would kill now.} Rxe7 32. Qf3 $2 ({And not} 32. Bc4+ Kh7 33. Qf3 (33. Qxa6 Re1+ 34. Bf1 Ne4 $11) 33... Re1+ 34. Bf1 Qd7 $11) (32. Qxa6 $18 Qg4 33. Qc4+ Kg7 34. d5) 32... Re1+ $11 33. Bf1 Ne4 {[%emt 0:00:30] White must now prevent ...Rxf1+.} 34. Re3 $2 {[%emt 0:00:00][%mdl 8192] [#]} (34. Rd3 $11) 34... Rxf1+ $1 {[%emt 0:00:30][%mdl 576] Decoy.   Weighted Error Value: White=0.68/Black=0.47} 0-1

[Event "TUR-ch U13-18 Open 2023"]
[Site "Antalya"]
[Date "2023.01.26"]
[Round "8"]
[White "Anacak, Hasan Gunes"]
[Black "Temizer, Umut"]
[Result "0-1"]
[ECO "B90"]
[WhiteElo "1898"]
[BlackElo "1989"]
[Annotator "TA"]
[PlyCount "81"]
[EventDate "2023.01.17"]
[EventType "swiss"]
[EventCountry "TUR"]
[SourceTitle "playchess.com"]
[Source "ChessBase"]
[SourceQuality "1"]
[TimeControl "5400+30"]

1. e4 c5 2. Nf3 d6 3. d4 cxd4 4. Nxd4 Nf6 5. Nc3 a6 6. h4 {B90: Sicilian Najdorf: Unusual White 6th moves, 6 Be3 Ng4 and 6 Be3 e5.} e6 7. g4 b5 8. g5 {White has an edge.} b4 9. gxf6 bxc3 10. fxg7 ({Much worse is} 10. bxc3 Qxf6 11. Bg2 (11. Bg5 Qe5 $11) 11... Nd7 $11) 10... Bxg7 11. bxc3 {[#]} Qc7 $146 ({Predecessor:} 11... Qa5 12. Bd2 Bb7 13. Qg4 Qe5 14. Rg1 Bf6 15. Bd3 h5 16. Qg3 Qxg3 17. fxg3 Nd7 {0-1 Elgersma,O (1992)-De Boer,B (2079) Dieren op 2017 (2)}) 12. Rh3 Nd7 13. h5 (13. Qg4 $11 Bf6 14. Bh6) 13... Bb7 {[%mdl 1024] Black has compensation.} 14. Bg5 Rg8 {[#] Strongly threatening ...Bxd4.} 15. Bh4 (15. Qd2 $142) 15... Bf6 (15... Bh6 $17 16. Rb1 Bxe4) 16. Qd2 $15 Rg4 17. Bxf6 Rxe4+ 18. Be2 $1 Nxf6 19. O-O-O $1 Re5 (19... Qa5 $15 20. c4 Qxd2+ 21. Rxd2 Rf4) 20. c4 $11 Ne4 $36 {[%mdl 2048] Black is more active.} 21. Qe1 Qa5 22. Qxa5 Rxa5 23. Rb3 Nc5 24. Rb6 O-O-O ({Better is} 24... Rxa2 $15 25. Kb1 Ra5) 25. Nb3 (25. Nc6 $11 {keeps the balance.} Bxc6 26. Rxc6+ Kb8 27. Rdxd6 Rxd6 28. Rxd6) 25... Nxb3+ $17 26. axb3 $4 {[%emt 0:00:30][%mdl 8192] White does not recover from this.} (26. Rxb3 $17 {was the only chance.} Rxa2 27. Rg3) 26... Kc7 27. Rb4 (27. Rxb7+ $142 Kxb7 28. Bf3+ Kc7 29. Kd2) 27... Ra1+ $19 28. Kd2 Rxd1+ {[%emt 0:00:30] Black is clearly winning.} 29. Kxd1 {[%emt 0:00:30][%mdl 4096] Endgame [#] KRB-KRB} Bc6 {[%emt 0:00:30] Prevents Ra4} 30. h6 a5 31. Rb5 Bxb5 32. cxb5 {[%emt 0:00:30] KR-KB} d5 33. Bh5 Rd7 34. f4 Kd6 35. Ke2 Kc5 36. Kf3 Rc7 37. Kg4 Kd6 38. f5 Ke7 39. b6 Rb7 40. fxe6 Kxe6 41. Kg5 {[%emt 0:00:06] Weighted Error Value: White=0.59/Black=0.15 (very precise)} 0-1

[Event "TUR-ch U13-18 Open 2023"]
[Site "Antalya"]
[Date "2023.01.26"]
[Round "8"]
[White "Celik, Ege Yigit"]
[Black "Cicek, Bilal Emre"]
[Result "1-0"]
[ECO "A13"]
[WhiteElo "1891"]
[BlackElo "1538"]
[Annotator "NA RC COMBH"]
[PlyCount "33"]
[EventDate "2023.01.17"]
[EventType "swiss"]
[EventCountry "TUR"]
[SourceTitle "playchess.com"]
[Source "ChessBase"]
[SourceQuality "1"]
[TimeControl "5400+30"]

1. c4 e6 2. Nf3 d5 3. g3 Nf6 4. Bg2 a6 5. O-O dxc4 6. a4 c5 (6... Nc6 $11) 7. Na3 b5 8. Ne5 Nd5 9. d3 cxd3 $14 10. Qxd3 Qc7 11. Bf4 Nxf4 12. gxf4 Bb7 13. Nxb5 Qb6 14. Nc4 axb5 15. Nxb6 Bxg2 16. Kxg2 Nc6 17. Qd7# 1-0

[Event "TUR-ch U13-18 Open 2023"]
[Site "Antalya"]
[Date "2023.01.26"]
[Round "8"]
[White "Karademir, Bugra"]
[Black "Yildirim, Kemal"]
[Result "1/2-1/2"]
[ECO "B23"]
[WhiteElo "1889"]
[BlackElo "1804"]
[Annotator "NA RC COMBH"]
[PlyCount "61"]
[EventDate "2023.01.17"]
[EventType "swiss"]
[EventCountry "TUR"]
[SourceTitle "playchess.com"]
[Source "ChessBase"]
[SourceQuality "1"]
[TimeControl "5400+30"]

1. e4 c5 2. Nc3 Nc6 3. Nge2 Nf6 4. g3 d5 5. exd5 Nd4 6. Bg2 Bg4 7. h3 Bf3 8. O-O Nxe2+ 9. Nxe2 Bxg2 10. Kxg2 Qxd5+ 11. f3 g6 12. Nc3 Qc6 13. Qe2 Bg7 14. Qb5 Qxb5 15. Nxb5 Nd5 16. a3 Kd7 17. Nc3 Nc7 18. Rb1 Kc6 19. d3 Ne6 20. Be3 Nd4 21. Rfc1 b6 22. Ne4 f5 23. Nd2 e5 24. b4 Rab8 25. Bxd4 cxd4 26. b5+ Kd5 27. c4+ dxc3 28. Rxc3 Bh6 29. Rb2 Rbc8 30. Rc4 Rxc4 $19 31. dxc4+ 1/2-1/2

[Event "TUR-ch U13-18 Open 2023"]
[Site "Antalya"]
[Date "2023.01.26"]
[Round "8"]
[White "Ergin, Sahin"]
[Black "Eroz, Enis"]
[Result "1-0"]
[ECO "E38"]
[WhiteElo "1878"]
[BlackElo "1827"]
[Annotator "NA RC COMBH"]
[PlyCount "38"]
[EventDate "2023.01.17"]
[EventType "swiss"]
[EventCountry "TUR"]
[SourceTitle "playchess.com"]
[Source "ChessBase"]
[SourceQuality "1"]
[TimeControl "5400+30"]

1. d4 Nf6 2. c4 e6 3. Nc3 Bb4 4. Qc2 c5 5. dxc5 Na6 6. a3 Qa5 7. Bd2 Bxc3 8. Bxc3 Qxc5 9. e3 b6 10. Bd3 Qg5 11. f4 Qc5 12. Qe2 (12. b4 $18 Qh5 13. Nf3) 12... Bb7 13. Nf3 Qh5 14. b4 Rc8 $18 (14... O-O $16) 15. O-O Ne4 16. Bxg7 Rg8 17. Bd4 Ke7 18. Ra2 d6 19. c5 Nb8 1-0

[Event "TUR-ch U13-18 Open 2023"]
[Site "Antalya"]
[Date "2023.01.26"]
[Round "8"]
[White "Dirikolu, Deniz"]
[Black "Demirtas, Alper"]
[Result "1/2-1/2"]
[ECO "C02"]
[WhiteElo "1868"]
[BlackElo "1990"]
[Annotator "TA"]
[PlyCount "81"]
[EventDate "2023.01.17"]
[EventType "swiss"]
[EventCountry "TUR"]
[SourceTitle "playchess.com"]
[Source "ChessBase"]
[SourceQuality "1"]
[TimeControl "5400+30"]

1. e4 e6 2. d4 d5 3. e5 c5 4. c3 Qb6 5. Nf3 Bd7 6. Bd3 Bb5 7. dxc5 $1 {[%emt 0:00:00][%mdl 4] is now more promising than 7.0-0.} Bxc5 8. b4 Bf8 {[%emt 0:00:30] C02: French: Advance Variation.} (8... Bxf2+ 9. Ke2 $16) (8... Bxd3 $1 $11 9. Qxd3 Bf8) 9. Be3 $1 $16 Qa6 10. Bc2 {[%emt 0:00:30] [#]} ({But not} 10. Bxb5+ Qxb5 11. Na3 Qd7 $11) 10... Nd7 $146 {[%emt 0:07:30] White is better.} ({Predecessor:} 10... b6 11. a4 Bd7 12. Na3 Qc8 13. Nb5 Bxb5 14. axb5 Qxc3+ 15. Ke2 Nd7 16. Re1 Qxb4 {0-1 Ochkoos,J (2203)-Yanchenko,R (2467) Titled Tuesday intern op 04th Jan blitz 2022 (4)}) 11. a4 Bc4 12. Na3 Qc6 13. Bd4 Ne7 (13... Qc7 $142) 14. Nd2 $1 Ng6 (14... Nf5 $16 {keeps fighting.}) 15. Qh5 (15. Naxc4 $18 {Black must now prevent Na3.} dxc4 16. a5) 15... a6 16. Naxc4 dxc4 17. O-O Be7 (17... Qxg2+ {was worth a try.} 18. Kxg2 Nf4+ 19. Kh1 Nxh5) 18. Be4 Qc7 19. f4 O-O 20. Qg4 (20. a5 $18 {is more deadly.}) 20... Rfd8 (20... a5 $16) 21. Nf3 a5 22. f5 {[%emt 0:04:30] White is more active.} exf5 23. Qxf5 Ndf8 24. b5 (24. bxa5 $142 $1 {Strongly threatening Rab1.} Rxa5 25. Rab1) 24... Ne6 25. h4 h6 (25... Bc5 $14 {might be stronger.}) 26. h5 (26. Kh1 $1 $16) 26... Ngf8 $11 27. Rad1 Bc5 {[%emt 0:02:00] Wards off b6} 28. Kh1 Rd7 29. Bxc5 (29. b6 $1 $14 Qc8 30. Rb1) 29... Nxc5 30. Bc2 Rad8 (30... Nd3 {simplifies} 31. Bxd3 cxd3 32. Rxd3 Rxd3 33. Qxd3 Rd8) 31. Nd4 Rd5 32. Rde1 Re8 33. Qg4 {[%emt 0:03:30] Nf5 would be deadly.} Qe7 (33... Nce6 $11 {keeps the balance.}) 34. Rf5 ({Better is} 34. Qf3 $16 Rd7 35. Nf5) 34... Nd3 $15 35. Bxd3 cxd3 36. Rd1 Rxe5 37. Rxd3 Re4 38. Rf4 {[%emt 0:00:30] [#]} Rxf4 $1 39. Qxf4 {[%emt 0:00:30] [#]} Qe1+ (39... Qc5 $1 $17 40. Qh4 Nd7) 40. Kh2 $11 Re4 41. Qf5 {[%emt 0:00:30] White really could win this.   Weighted Error Value: White=0.24 (precise) /Black=0.29 (precise)} (41. Rd1 $1 $11 {remains equal.}) 1/2-1/2

[Event "TUR-ch U13-18 Open 2023"]
[Site "Antalya"]
[Date "2023.01.26"]
[Round "8"]
[White "Yildiz, Tunahan"]
[Black "Ozen, Metehan"]
[Result "0-1"]
[ECO "E01"]
[WhiteElo "1792"]
[BlackElo "2137"]
[Annotator "TA"]
[PlyCount "68"]
[EventDate "2023.01.17"]
[EventType "swiss"]
[EventCountry "TUR"]
[SourceTitle "playchess.com"]
[Source "ChessBase"]
[SourceQuality "1"]
[TimeControl "5400+30"]

1. d4 d5 2. c4 c6 3. Nf3 Nf6 4. Nc3 e6 5. g3 dxc4 6. Bg2 Nbd7 7. O-O b5 8. e4 Bb7 9. Qe2 {E01: Catalan: Early deviations.} (9. e5 $11 Nd5 10. Ng5) 9... Be7 $15 10. e5 Nd5 11. Ne4 {Black is slightly better.} h6 {[#] Prevents Bg5.} 12. h4 $146 ({Predecessor:} 12. b3 cxb3 13. axb3 O-O 14. Bd2 a5 15. Rfc1 Qb6 16. Qe1 b4 17. Be3 Rfd8 18. Nfd2 {1-0 Sadhwani,R (2507)-Timofeev,A (2588) Wch Rapid Moscow 2019 (8)}) 12... Qb6 13. a4 a6 14. Rd1 c5 (14... Qc7 {is more complex.} 15. Ne1 c5 16. axb5 axb5 17. Nd6+ Bxd6 18. exd6 Qc8) 15. Nd6+ Bxd6 $17 16. exd6 Qxd6 17. axb5 (17. dxc5 $17 {keeps fighting.} Nxc5 18. axb5) 17... axb5 $19 18. Rxa8+ Bxa8 19. dxc5 Qxc5 ({And not} 19... Nxc5 20. Nd4 Qb6 21. Nf5 $15) 20. Nd4 (20. Ne5 $142 Nxe5 21. Qxe5) 20... O-O 21. Be4 (21. Nc2 $142) 21... N7f6 {[#] Threatens to win with ...Nxe4.} 22. Bb1 b4 23. g4 (23. Nf3 $142) 23... c3 24. Qc2 Ne7 {[%emt 1:33:12] Hoping for ...Be4.} (24... Nxg4 $2 25. Qh7#) 25. Be3 Qd5 {[%emt 0:00:30][%csl Ga8][%cal Rd5h1] [#]} (25... Nxg4 $2 26. Qh7#) 26. f3 Qe5 ({Not} 26... e5 $2 27. g5 b3 28. Qxb3 exd4 29. Qxd5 Nfxd5 30. Bxd4 $19) 27. Bf2 Rc8 28. b3 $2 (28. bxc3 bxc3 29. Re1) 28... Qf4 {[%emt 0:05:15] Black is clearly winning.} 29. Re1 (29. Qc1 $142 Qxc1 30. Rxc1) 29... e5 30. g5 hxg5 31. hxg5 Qxg5+ 32. Kf1 exd4 33. Rxe7 Rd8 34. Qd3 Bc6 {[%emt 0:00:11] Weighted Error Value: White=1.20/Black=0.82} 0-1

[Event "TUR-ch U13-18 Open 2023"]
[Site "Antalya"]
[Date "2023.01.26"]
[Round "8"]
[White "Ozgun, Yigit Deniz"]
[Black "Gungor, Cihan Akif"]
[Result "1/2-1/2"]
[ECO "D55"]
[WhiteElo "1769"]
[BlackElo "1871"]
[Annotator "NA RC COMBH"]
[PlyCount "62"]
[EventDate "2023.01.17"]
[EventType "swiss"]
[EventCountry "TUR"]
[SourceTitle "playchess.com"]
[Source "ChessBase"]
[SourceQuality "1"]
[TimeControl "5400+30"]

1. d4 Nf6 2. c4 e6 3. Nc3 d5 4. cxd5 exd5 5. Bg5 Nbd7 6. e3 Be7 7. Bd3 h6 8. Bh4 b6 9. Qc2 Bb7 10. Nf3 O-O 11. O-O Re8 12. Rac1 a6 13. Rfd1 Bd6 14. Bh7+ Kh8 15. Bf5 g5 (15... Nf8 $142) 16. Bg3 Bxg3 17. hxg3 Qe7 18. Qb3 Qd6 19. Bb1 Rac8 20. Qc2 Ne4 21. Nxe4 dxe4 22. Nd2 Bd5 23. Nc4 Qe6 24. b3 (24. f3 $5 ) 24... Kg7 25. Re1 f5 $15 26. Qe2 Qf6 27. Nd2 a5 28. g4 Re7 29. gxf5 Qxf5 30. Nc4 Rf8 31. Rc2 g4 1/2-1/2

[Event "TUR-ch U13-18 Open 2023"]
[Site "Antalya"]
[Date "2023.01.26"]
[Round "8"]
[White "Uysal, Ugur"]
[Black "Coban, Azad"]
[Result "1-0"]
[ECO "A30"]
[WhiteElo "1760"]
[BlackElo "1417"]
[Annotator "NA RC COMBH"]
[PlyCount "51"]
[EventDate "2023.01.17"]
[EventType "swiss"]
[EventCountry "TUR"]
[SourceTitle "playchess.com"]
[Source "ChessBase"]
[SourceQuality "1"]
[TimeControl "5400+30"]

1. Nf3 c5 2. c4 Nc6 3. d4 cxd4 4. Nxd4 g6 5. g3 Bg7 6. Nc2 Nh6 7. Bg2 O-O 8. O-O d6 9. Nc3 Nf5 10. Nd5 e6 11. Nde3 Nfd4 12. Rb1 Nxc2 13. Nxc2 Qc7 14. b3 Rd8 15. Bg5 Rd7 16. h4 b6 17. Qd2 h5 18. Bh6 Be5 19. f4 Bf6 20. e4 Bb7 21. f5 exf5 22. exf5 Be5 23. f6 Nd8 24. Bxb7 Qxb7 25. Bg7 Ne6 26. Qh6 1-0

[Event "TUR-ch U13-18 Open 2023"]
[Site "Antalya"]
[Date "2023.01.26"]
[Round "8"]
[White "Zerey, Demhat"]
[Black "Isik, Tuna"]
[Result "1-0"]
[ECO "B28"]
[WhiteElo "1756"]
[BlackElo "1451"]
[Annotator "NA RC COMBH"]
[PlyCount "71"]
[EventDate "2023.01.17"]
[EventType "swiss"]
[EventCountry "TUR"]
[SourceTitle "playchess.com"]
[Source "ChessBase"]
[SourceQuality "1"]
[TimeControl "5400+30"]

1. e4 c5 2. Nf3 a6 3. d4 cxd4 4. Nxd4 Nf6 5. Bd3 Nc6 6. Be3 g6 7. c4 Bg7 8. Nc3 d6 9. Be2 O-O 10. f3 Bd7 11. Qd2 Rc8 12. O-O Re8 13. b3 Qc7 14. Rac1 Qb8 15. a4 Be6 16. Kh1 Nd7 17. Nxe6 fxe6 18. f4 Nf6 19. g4 Nd7 20. Rb1 e5 21. f5 Nd4 22. Bxd4 exd4 23. Nd5 Nf6 24. Qxd4 Nxg4 25. Qg1 Ne5 26. Qg5 Rc7 27. fxg6 h6 28. Qg3 Rc6 29. Bg4 Qd8 30. Be6+ Kh8 31. Nf4 Rf8 32. Bd5 Rc8 33. Ne6 Rxf1+ 34. Rxf1 Qe8 35. Nxg7 Kxg7 36. Rf7+ 1-0

[Event "TUR-ch U13-18 Open 2023"]
[Site "Antalya"]
[Date "2023.01.26"]
[Round "8"]
[White "Kara, Goktan Can"]
[Black "Sevig, Mert Can"]
[Result "0-1"]
[ECO "B44"]
[WhiteElo "1755"]
[BlackElo "1738"]
[Annotator "NA RC COMBH"]
[PlyCount "34"]
[EventDate "2023.01.17"]
[EventType "swiss"]
[EventCountry "TUR"]
[SourceTitle "playchess.com"]
[Source "ChessBase"]
[SourceQuality "1"]
[TimeControl "5400+30"]

1. e4 c5 2. Nf3 e6 3. d4 cxd4 4. Nxd4 Nc6 5. c4 Nf6 6. Nc3 Bb4 7. Nxc6 bxc6 8. e5 Ne4 9. Qg4 Nxc3 10. a3 Qa5 11. Qxg7 Ne4+ 12. axb4 Qxa1 13. Qxh8+ Ke7 14. Kd1 Qa4+ 15. Ke2 Qc2+ 16. Kf3 Bb7 17. Bg5+ Nxg5+ 0-1

[Event "TUR-ch U13-18 Open 2023"]
[Site "Antalya"]
[Date "2023.01.26"]
[Round "8"]
[White "Ceyhan, Mert"]
[Black "Manas, Eren"]
[Result "1-0"]
[ECO "B23"]
[WhiteElo "1733"]
[BlackElo "1535"]
[Annotator "NA RC COMBH"]
[PlyCount "70"]
[EventDate "2023.01.17"]
[EventType "swiss"]
[EventCountry "TUR"]
[SourceTitle "playchess.com"]
[Source "ChessBase"]
[SourceQuality "1"]
[TimeControl "5400+30"]

1. e4 c5 2. Nc3 Nc6 3. Bb5 g6 4. Bxc6 dxc6 5. d3 Bg7 6. Be3 b6 7. Nge2 Nf6 8. h3 O-O 9. Qd2 Ne8 10. g4 e5 11. f3 Nc7 12. O-O-O Ne6 13. h4 b5 14. h5 g5 15. Ng3 h6 16. Nf5 Nd4 17. Nxg7 Kxg7 18. Rhf1 f6 19. Nb1 Rf7 20. c3 Ne6 21. Qf2 Qf8 22. Nd2 c4 23. dxc4 bxc4 24. Nxc4 Ba6 25. Nd6 Bxf1 26. Nxf7 Qxf7 27. Qxf1 Rb8 28. Qc4 Qb7 29. Rd2 Kf7 30. b3 Qc7 31. Bc5 Rb5 32. Rd6 Qc8 33. Be3 Rb8 34. Rxc6 Qd7 35. Rxe6 Qd8 1-0

[Event "TUR-ch U13-18 Open 2023"]
[Site "Antalya"]
[Date "2023.01.26"]
[Round "8"]
[White "Binboga, Yaman"]
[Black "Tezcan, Alper"]
[Result "0-1"]
[ECO "C00"]
[WhiteElo "1641"]
[BlackElo "1568"]
[Annotator "NA RC COMBH"]
[PlyCount "84"]
[EventDate "2023.01.17"]
[EventType "swiss"]
[EventCountry "TUR"]
[SourceTitle "playchess.com"]
[Source "ChessBase"]
[SourceQuality "1"]
[TimeControl "5400+30"]

1. e4 e6 2. b3 d5 3. Bb2 dxe4 4. Nc3 Nf6 5. Qe2 Be7 6. O-O-O O-O 7. Nxe4 a5 8. a4 b6 9. Qf3 Ra7 10. Bd3 Bb7 11. Ne2 Nbd7 12. Qg3 e5 13. f3 Nxe4 14. Bxe4 Bxe4 15. fxe4 Re8 16. d4 exd4 17. Bxd4 Bf8 18. Qg4 c5 19. Bb2 c4 20. Kb1 cxb3 21. cxb3 Qe7 22. Nc3 Qe6 23. Qxe6 Rxe6 24. Rhe1 f6 25. Nb5 Rb7 26. Rd5 Nc5 27. Ba3 Kf7 28. Bxc5 Bxc5 29. Kc2 Rbe7 30. Kd3 Bb4 31. Re2 Rc6 32. Ke3 Rc1 33. Kf3 Bc5 34. Nd6+ Ke6 35. Nf5 Rc7 36. Red2 g6 37. Ng3 Bb4 38. R2d3 h5 39. Ne2 Rf1+ 40. Kg3 g5 41. Nd4+ Kf7 42. h3 h4+ 0-1

[Event "TUR-ch U13-18 Open 2023"]
[Site "Antalya"]
[Date "2023.01.26"]
[Round "8"]
[White "Tas, Yasar Asil"]
[Black "Taspinar, Yanki"]
[Result "0-1"]
[ECO "D04"]
[WhiteElo "1622"]
[BlackElo "2275"]
[Annotator "TA"]
[PlyCount "82"]
[EventDate "2023.01.17"]
[EventType "swiss"]
[EventCountry "TUR"]
[SourceTitle "playchess.com"]
[Source "ChessBase"]
[SourceQuality "1"]
[TimeControl "5400+30"]

1. d4 d5 2. Nf3 Nf6 3. e3 c5 4. Bd3 Nc6 5. O-O g6 (5... Bg4 $11) 6. c3 {D04: Colle System.} Bg7 {[#]} 7. b3 $146 ({Predecessor:} 7. dxc5 Nd7 8. e4 Nxc5 9. exd5 Qxd5 10. Bb5 Qxd1 11. Rxd1 Bg4 12. Be3 Bxf3 13. gxf3 {0-1 Riyan,A (1455)-Daaevik,W (1780) IND-ch U15 47th 2022 (2)}) 7... Nd7 8. Re1 {The position is equal.} O-O 9. e4 dxe4 10. Bxe4 cxd4 11. cxd4 Nc5 12. Bxc6 bxc6 13. Ba3 Ne6 14. Nbd2 Re8 15. Rc1 (15. Ne4 {looks sharper.} Nxd4 16. Nxd4 Bxd4 17. Nd6) 15... Bb7 (15... Nxd4 $11 {deserves consideration.} 16. Nxd4 Qxd4) 16. Qc2 (16. Rxe6 $14 fxe6 17. Bc5) 16... Qa5 (16... Nxd4 $11 17. Nxd4 Bxd4) 17. Bc5 (17. Rxe6 $5 fxe6 18. Bc5 $11) 17... Rad8 (17... Nxc5 $14 18. Qxc5 Qxc5 19. Rxc5 e6) 18. Nc4 $16 Qa6 (18... Qc7 $142) 19. Nce5 {A dynamic duo of knights.} (19. Rxe6 $1 $16 fxe6 20. Nfe5) 19... Rd5 20. Qe4 (20. Nd3 $14) 20... Nxc5 (20... Qxa2 21. Nxf7 Nxc5 22. Rxc5 $16) (20... Bc8 {with more complications.} 21. h4 Bf6 22. h5 Nxc5 23. Rxc5 Qxa2 24. hxg6 hxg6 25. Rxc6 Qxb3 26. Nxg6 Bf5) 21. Rxc5 Rxc5 22. dxc5 {[%emt 0:00:30][%cal Oe5f7] Hoping for Nxf7!} Bf6 23. g4 {[%emt 0:00:30] g5 is the strong threat.} Qxa2 {[%emt 0:00:30] [#]} ({Better is} 23... Bc8 $14) 24. Re3 $2 (24. Qc4 $1 $18 Rf8 25. Nd7) 24... Qa5 25. g5 {[%emt 0:00:30] Nc4 would be deadly.} (25. Qc4 $5 Bxe5 26. Nxe5 $14) 25... Bxe5 26. Qxe5 (26. b4 $5 Qa1+ 27. Re1 $11) 26... Qd8 27. Nd4 Qd7 28. Re4 {[%emt 0:00:30] Inhibits Qg4+.} a5 29. h4 Ba6 30. Kg2 (30. h5 $11 Qh3 31. h6 Qf1+ {[%mdl 64] Deflection} 32. Kh2 Qxf2+ 33. Kh1) 30... Bd3 $15 31. Re3 (31. Rf4 $15) 31... Qg4+ $19 32. Rg3 {[%emt 0:02:08] [#]} (32. Qg3 {was necessary.} Qxd4 33. Rxd3 Qxc5 34. Qf4) 32... Qe4+ $1 ({Resist} 32... Qxh4 33. Rxd3 Qg4+ 34. Kf1 $18) 33. Qxe4 Bxe4+ {[%emt 0:00:02][%mdl 4096] Endgame KRB-KRN} 34. Kf1 Rd8 35. Nf3 Rd5 36. Ne1 Rxc5 37. Re3 Bd5 38. Rxe7 Bxb3 39. Nf3 Kf8 40. Ra7 a4 41. Nd4 Rc4 {[%emt 0:00:00] Weighted Error Value: White=0.40/Black=0.19 (very precise)} 0-1

[Event "TUR-ch U13-18 Open 2023"]
[Site "Antalya"]
[Date "2023.01.26"]
[Round "8"]
[White "Senkal, Defne"]
[Black "Gorucu, Yagmur"]
[Result "1-0"]
[ECO "B51"]
[WhiteElo "1447"]
[BlackElo "1113"]
[Annotator "NA RC COMBH"]
[PlyCount "69"]
[EventDate "2023.01.17"]
[EventType "swiss"]
[EventCountry "TUR"]
[SourceTitle "playchess.com"]
[Source "ChessBase"]
[SourceQuality "1"]
[TimeControl "5400+30"]

1. e4 c5 2. Nf3 d6 3. Bb5+ Nd7 4. c4 Ngf6 5. O-O e6 6. Nc3 Be7 7. d4 cxd4 8. Nxd4 O-O 9. Bxd7 Qxd7 10. h3 a6 11. Be3 Qc7 12. Qe2 Bd7 13. Rac1 Rac8 14. b3 Rfd8 15. f4 Bc6 16. Bf2 Qb8 17. f5 e5 18. Nf3 b5 19. Kh1 bxc4 20. bxc4 Qa8 21. Nd2 Rb8 22. Rb1 Rdc8 23. Rb3 Rxb3 24. axb3 Qb7 25. Ra1 Ra8 26. Nd5 Bxd5 27. exd5 a5 28. Ra4 Nd7 29. Qf3 Nf6 30. Bh4 Ne8 31. Be1 Nf6 32. Nb1 Qb6 33. Bf2 Qb7 34. Na3 Nd7 35. Nb5 1-0